Map: Solaris LE

Players

CoffeeAme

  • Race: Terran Terran
  • League: Master
  • Spawn Location: 1:00

Krystianer - Winner!

  • Race: Protoss Protoss
  • Spawn Location: 7:00

VOD

Have the link to the VOD?

Description

Time

  • Played on: Dec. 18, 2023, 3:35 p.m.
  • Length: 12:48
Show
View Real Time Build Order
Export as new Build Order

CoffeeAme Terran 

Build Orders:  

Get SALT Encoding   

  12  0:00  SCV  
  13  0:12  SCV  
  14  0:17  Supply Depot  
  14  0:24  SCV  
  15  0:39  SCV  
  15  0:40  Barracks  
  16  0:45  Refinery  
  16  0:51  SCV  
  16  0:54  Refinery  
  17  1:03  SCV  
  18  1:15  SCV  
  19  1:27  Orbital Command, Reaper  
  20  1:38  Engineering Bay  
  20  1:46  Factory  
  20  1:53  SCV  
  21  1:59  Reaper  
  22  2:03  Supply Depot  
  22  2:07  SCV  
  23  2:24  SCV  
  24  2:30  Factory Reactor  
  24  2:35  Starport  
  24  2:38  SCV  
  25  2:45  Command Center  
  25  2:50  SCV  
  26  2:53  Supply Depot  
  26  3:09  Cyclone x2  
  26  3:11  SCV  
  31  3:16  Medivac  
  33  3:23  SCV  
  34  3:33  Barracks  
  34  3:36  SCV  
  35  3:46  Starport Tech Lab  
  35  3:48  SCV  
  36  3:51  Factory Tech Lab  
  36  3:53  Marine x2  
  38  4:00  SCV  
  39  4:06  Raven  
  41  4:11  Marine x2  
  41  4:12  SCV  
  44  4:17  Siege Tank  
  47  4:28  Orbital Command, SCV  
  47  4:30  Bunker  
  48  4:34  Marine x2  
  48  4:44  SCV  
  49  4:46  Barracks  
  49  4:49  Refinery, Engineering Bay  
  49  4:52  Siege Tank  
  52  4:56  SCV x2  
  54  5:00  Supply Depot  
  54  5:04  Stimpack  
  54  5:12  Starport Tech Lab  
  54  5:19  SCV  
  54  5:21  Marine x3  
  54  5:22  SCV  
  54  5:26  Siege Tank  
  61  5:31  SCV  
  62  5:41  Starport Reactor  
  62  5:43  SCV  
  62  5:44  SCV  
  62  5:45  Marine  
  62  5:50  Combat Shield  
  62  5:54  Refinery  
  62  6:00  Supply Depot x2  
  62  6:14  SCV  
  62  6:15  SCV  
  62  6:21  Siege Tank, Marine x4  
  69  6:26  SCV  
  69  6:28  SCV  
  69  6:31  Medivac x2  
  75  6:35  Supply Depot x2  
  75  6:38  SCV  
  75  6:39  Terran Infantry Weapons Level 1, Marine x2  
  78  6:41  Marine  
  78  6:56  SCV x2, Siege Tank  
  78  6:59  Supply Depot  
  78  7:01  Supply Depot  
  83  7:07  Medivac x2  
  87  7:08  SCV x2  
  89  7:19  Marauder x2  
  89  7:20  SCV x2  
  89  7:23  Marine x2  
  91  7:33  SCV x2  
  91  7:34  Siege Tank  
  96  7:40  Marine x2, Marauder x2  
  102  7:45  SCV x2  
  102  7:57  SCV  
  88  7:58  Marine  
  88  8:02  Marauder x2  
  88  8:05  Medivac x2  
  95  8:08  Siege Tank  
  95  8:12  Command Center  
  98  8:14  Barracks  
  98  8:15  Barracks  
  98  8:18  Marine x2  
  100  8:23  Supply Depot x2  
  100  8:24  Marauder  
  100  8:25  Marauder  
  92  8:35  Marine  
  92  8:40  Marine  
  65  8:41  SCV  
  65  8:46  Marauder x2  
  65  8:48  Orbital Command  
  62  8:53  Marine  
  61  8:58  Marine  
  59  9:07  Marauder x2  
  59  9:10  SCV  
  59  9:12  Orbital Command  
  54  9:22  SCV  
  53  9:29  Marauder x2  
  55  9:33  Marine x2  
  57  9:40  Orbital Command  
  56  9:50  Marauder x2  
  58  10:00  Orbital Command  
  58  10:03  SCV x2  
  58  10:04  Marine  
  60  10:11  Marauder x2  
  60  10:20  SCV x2  
  62  10:27  SCV  
  61  10:32  SCV  
  64  10:36  Marauder  
  64  10:37  Marine x2  
  64  10:39  SCV  
  65  10:53  Viking  
  66  11:00  Marine x2, Marauder x2  
  66  11:03  SCV x2  
  73  11:07  Marine  
  74  11:11  SCV  
  74  11:13  Siege Tank  
  74  11:15  SCV  
  76  11:19  Viking  
  76  11:20  SCV  
  76  11:22  Marine  
  77  11:35  Barracks Tech Lab, Marauder x2, Barracks Reactor  
  79  11:41  Orbital Command  
  79  11:45  SCV  
  79  11:46  SCV  
  43  11:56  Marauder  
  43  12:01  Marine  
  44  12:09  SCV  
  34  12:18  SCV  
  35  12:23  Marauder  
  35  12:26  SCV  
Show
View Real Time Build Order
Export as new Build Order

Krystianer Protoss - Winner!

Build Orders: Colossus Rush 

Get SALT Encoding   

  12  0:00  Probe  
  13  0:12  Probe  
  14  0:16  Pylon  
  14  0:24  Probe (Chrono Boost)  
  16  0:35  Gateway  
  16  0:36  Probe (Chrono Boost)  
  16  0:42  Probe (Chrono Boost)  
  16  0:45  Assimilator  
  17  0:50  Probe  
  18  1:03  Probe  
  19  1:15  Probe  
  20  1:22  Cybernetics Core  
  20  1:23  Zealot  
  22  1:27  Probe  
  22  1:29  Pylon  
  23  1:45  Assimilator  
  23  1:47  Probe  
  24  1:55  Stalker (Chrono Boost)  
  24  1:58  Warp Gate  
  24  1:59  Probe  
  27  2:12  Probe  
  28  2:19  Stalker  
  29  2:24  Probe  
  30  2:34  Nexus  
  30  2:39  Probe  
  30  2:42  Pylon  
  31  2:51  Robotics Facility  
  31  2:56  Probe  
  31  3:06  Gateway  
  31  3:09  Probe (Chrono Boost)  
  33  3:21  Probe (Chrono Boost)  
  33  3:26  Probe (Chrono Boost)  
  34  3:36  Probe, Immortal (Chrono Boost)  
  39  3:46  Stalker  
  39  3:48  Probe  
  42  3:50  Probe  
  43  4:01  Probe (Chrono Boost)  
  44  4:06  Probe (Chrono Boost)  
  44  4:07  Robotics Bay  
  45  4:17  Stalker  
  45  4:18  Stalker  
  45  4:19  Probe (Chrono Boost)  
  45  4:20  Probe (Chrono Boost)  
  47  4:25  Probe  
  47  4:28  Probe  
  48  4:37  Warp Prism (Chrono Boost)  
  49  4:40  Probe  
  49  4:43  Pylon  
  49  4:44  Probe  
  52  4:52  Probe  
  53  4:57  Probe  
  53  5:08  Probe  
  53  5:09  Probe (Chrono Boost)  
  53  5:11  Nexus  
  53  5:14  Pylon  
  55  5:20  Probe (Chrono Boost)  
  55  5:21  Probe (Chrono Boost)  
  58  5:28  Twilight Council  
  58  5:29  Forge, Probe x2 (Chrono Boost)  
  58  5:34  Probe (Chrono Boost)  
  58  5:35  Probe  
  61  5:45  Colossus (Chrono Boost)  
  61  5:46  Probe  
  61  5:47  Probe  
  69  5:51  Pylon  
  69  5:58  Probe  
  69  6:02  Shield Battery  
  70  6:07  Gateway x2  
  70  6:09  Probe  
  70  6:10  Charge (Chrono Boost), Probe  
  72  6:14  Protoss Ground Weapons Level 1  
  72  6:21  Probe  
  72  6:22  Zealot x2  
  75  6:28  Probe x2  
  73  6:33  Probe  
  74  6:40  Probe, Colossus (Chrono Boost)  
  74  6:42  Probe  
  74  6:46  Probe  
  81  6:52  Probe  
  83  6:55  Gateway  
  83  6:57  Gateway  
  83  6:59  Gateway  
  83  7:00  Gateway  
  83  7:01  Pylon  
  83  7:04  Zealot x2  
  86  7:10  Zealot x2  
  88  7:22  Pylon  
  84  7:25  Probe  
  84  7:27  Zealot x2  
  84  7:29  Pylon  
  89  7:30  Assimilator  
  89  7:34  Assimilator, Zealot  
  89  7:35  Zealot  
  93  7:40  Probe  
  93  7:44  Probe  
  94  7:48  Zealot x2  
  94  7:54  Zealot x4  
  94  7:57  Warp Prism (Chrono Boost), Probe  
  93  8:05  Probe  
  96  8:08  Pylon  
  96  8:10  Zealot x4  
  104  8:18  Extended Thermal Lance (Chrono Boost)  
  104  8:21  Zealot x3  
  108  8:27  Zealot  
  108  8:32  Zealot x4  
  98  8:44  Zealot x3  
  97  8:55  Probe  
  89  8:58  Stalker x3  
  84  9:10  Probe  
  83  9:20  Probe  
  83  9:21  Probe  
  83  9:23  Zealot x3  
  83  9:24  Zealot x2  
  93  9:28  Pylon  
  93  9:34  Protoss Ground Armor Level 1 (Chrono Boost)  
  93  9:39  Pylon  
  93  9:40  Pylon  
  93  9:53  Gateway, Probe  
  93  9:55  Gateway  
  93  9:57  Pylon  
  93  9:59  Probe  
  91  10:05  Pylon  
  91  10:08  Blink (Chrono Boost)  
  89  10:15  Zealot x3  
  89  10:16  Probe x2  
  89  10:21  Probe  
  98  10:28  Probe  
  98  10:32  Stalker x2  
  104  10:39  Zealot  
  104  10:40  Zealot  
  107  10:52  Zealot x2  
  101  10:59  Pylon  
  101  11:00  Pylon  
  101  11:04  Zealot  
  101  11:05  Zealot x2  
  102  11:11  Probe  
  102  11:15  Cybernetics Core  
  101  11:21  Pylon  
  101  11:30  Zealot  
  95  11:34  Probe  
  95  11:36  Probe  
  82  11:51  Zealot x3  
  86  11:56  Probe  
  87  12:08  Probe (Chrono Boost)  
  88  12:11  Probe (Chrono Boost)  
  88  12:15  Zealot x2, Probe (Chrono Boost)  
  90  12:20  Probe (Chrono Boost)  
  92  12:23  Probe (Chrono Boost)  
  92  12:25  Zealot  
  92  12:26  Probe (Chrono Boost)  
  92  12:29  Probe (Chrono Boost)  
  96  12:30  Probe (Chrono Boost)  
Tags
 
League
Master
Matchup
PvT
Replay Pack
December 2023
Spawn Locations
Cross Positions
Add a new tag
Caveats
  • Supply blocks, unpowered buildings, or Contaminate may cause inaccurate times.
  • Supply counts are checked every 10 seconds.